 Dungeon Crawl Stone Soup version 0.27-a0-203-gd48b2df3c9 (webtiles) character file.

Game seed: 1160082877647181741

2430 dolemite99 the Cleaver (level 9, 0/63 HPs)
             Began as a Demonspawn Berserker on Jan 30, 2021.
             Was a Priest of Trog.
             Slain by Maggie
             ... wielding a +2 glaive of flaming
              (3 damage)
             ... on level 7 of the Dungeon.
             The game lasted 00:09:33 (7466 turns).

dolemite99 the Cleaver (Demonspawn Berserker)       Turns: 7466, Time: 00:09:34

Health: 0/63       AC: 13    Str: 28    XL:     9   Next: 24%
Magic:  9/9        EV: 11    Int:  8    God:    Trog [***...]
Gold:   307        SH:  0    Dex: 12    Spells: 8/8 levels left

rFire    . . .     SeeInvis .   a - +0 hand axe
rCold    . . .     Faith    +   (no shield)
rNeg     . . .     Spirit   .   i - +0 scale mail
rPois    +         Reflect  .   (helmet restricted)
rElec    .         Harm     .   (no cloak)
rCorr    .         Rampage  .   A - +0 pair of gloves
Will     ++...                  M - +1 pair of boots
Stlth    ..........             p - amulet of faith
HPRegen  1.20/turn              l - +6 ring of strength
MPRegen  0.11/turn              o - ring of poison resistance

@: mesmerised, regenerating (expiring), hasted (expiring), very quick
A: horns 2, iridescent scales 2, demonic magic 1
a: Renounce Religion, Berserk, Trog's Hand


You were on level 7 of the Dungeon.
You worshipped Trog.
Trog was most pleased with you.
You visited 2 branches of the dungeon, and saw 8 of its levels.

You collected 337 gold pieces.
You spent 30 gold pieces at shops.

Inventory:

Hand Weapons
 a - a +0 hand axe (weapon)
 b - a +0 arbalest
 q - a +0 dagger of draining
 D - a +2 whip of freezing
 E - the +7 quarterstaff of the Skies Above {venom, Int+2, unknown}
   (You found it on level 5 of the Dungeon)

   It poisons the flesh of those it strikes.
   It affects your intelligence (+2).
Missiles
 d - 334 stones
 f - 22 bolts
 u - 55 arrows
 F - 23 sling bullets
 I - 3 boomerangs
Armour
 i - a +0 scale mail (worn)
 A - a +0 pair of gloves (worn)
 M - a +1 pair of boots (worn)
Jewellery
 e - an uncursed ring of ice
 l - a +6 ring of strength (left hand)
 o - a ring of poison resistance (right hand)
 p - an amulet of faith (around neck)
 B - a +6 ring of dexterity
 C - an uncursed amulet of the acrobat {unknown}
 L - an uncursed ring of fire
Wands
 t - a wand of paralysis (12)
Scrolls
 g - 4 scrolls of identify {@r1}
 k - 2 scrolls of enchant armour {unknown}
 n - 3 scrolls of enchant weapon {unknown}
 r - 3 scrolls of remove curse {@r2}
 s - 2 scrolls of amnesia {unknown}
 v - 2 scrolls of blinking {unknown}
 w - 2 scrolls of teleportation
 y - a scroll of noise {unknown}
 J - a scroll of fog {unknown}
 K - a scroll of immolation {unknown}
Potions
 c - 4 potions of lignification
 h - 2 potions of haste
 j - a potion of cancellation {unknown}
 m - 2 potions of flight {unknown}
 x - a potion of might {unknown}
 z - 3 potions of brilliance {unknown}
 G - a potion of magic {unknown}


   Skills:
 - Level 3.0 Fighting
 + Level 11.6 Axes
 - Level 1.7 Armour
 - Level 1.7 Dodging


You had 8 spell levels left.
You didn't know any spells.
Your spell library was empty.

Dungeon Overview and Level Annotations

Branches:
Dungeon (7/15)             Temple (1/1) D:4

Altars:
Ashenzari
Dithmenos
Fedhas
Ru
Yredelemnul
Beogh

Shops:
D:5 *

Annotations:
D:4 3 runed translucent doors, grumblor's ghost, novice DDBe
D:7 Dowan; Duvessa; Joseph; Maggie


Innate Abilities, Weirdness & Mutations

You have a pair of horns on your head.
You are mostly covered in iridescent scales. (AC +4)
Spells you cast may paralyse adjacent enemies.


Message History

Maggie is moderately wounded.
You barely miss Maggie. Your headbutt misses Maggie.
Maggie is moderately wounded.
Maggie mumbles some strange words.
Maggie draws you further into her thrall.
You hit Maggie.
Maggie is heavily wounded.
You hit Maggie.
Maggie is heavily wounded.
Maggie hits you with a +2 glaive of flaming.
* * * LOW HITPOINT WARNING * * *
Maggie burns you.
* * * LOW HITPOINT WARNING * * *
The boulder beetle leaps!
You hit Maggie but do no damage.
Maggie is heavily wounded.
You closely miss Maggie. Your headbutt misses Maggie.
Maggie is heavily wounded.
Maggie hits you with a +2 glaive of flaming.
You die...

##. #.# ..###
#### #...# #.[##
##..# ###.## #..#
##@#### ###..#
#.@°.###....##
##......B....#
######..........
##...###....
##..B...B..
#..[......
#########.
##############...


You could see a boulder beetle and Maggie (mesmerising).

Vanquished Creatures
  Pikel (D:5)
  Grinder (D:3)
  Menkaure (D:5)
  An ice beast (D:6)
  A sky beast (D:6)
  A phantom (D:5)
  3 ogres
  4 lemures (D:5)
  A big kobold (D:6)
  3 bullfrogs
  A wyvern skeleton (D:6)
  3 wights (D:7)
  A bullfrog zombie (D:7)
  A hound (D:6)
  4 jellies
  A bullfrog skeleton (D:6)
  An orc priest (D:5)
  A centaur skeleton (D:4)
  Jessica (D:2)
  2 iguanas
  Natasha (D:2)
  An orc wizard (D:5)
  2 worker ants (D:4)
  A hound skeleton (D:4)
  4 adders
  6 gnolls
  2 shadow imps
  4 white imps
  2 ufetubi
  2 oozes
  4 adder skeletons
  A worm (D:2)
  3 dart slugs
  7 leopard geckos
  10 orcs
  11 giant cockroaches
  7 goblins
  3 hobgoblins
  4 jackals (D:3)
  5 quokkas
  A ball python (D:4)
  6 bats
  3 frilled lizards
  12 kobolds
  A quokka skeleton (D:5)
  7 rats
143 creatures vanquished.

Notes
Turn   | Place    | Note
-------+----------+-------------------------------------------
     0 | D:1      | dolemite99 the Demonspawn Berserker began the quest for the
                  | Orb.
     0 | D:1      | Reached XP level 1. HP: 18/18 MP: 1/1
   373 | D:1      | Reached skill level 3 in Axes
   395 | D:1      | Gained mutation: Spells you cast may paralyse adjacent
                  | enemies. [demonic ancestry]
   395 | D:1      | Reached XP level 2. HP: 18/24 MP: 2/2
  1153 | D:1      | Gained mutation: You have a pair of small horns on your
                  | head. [demonic ancestry]
  1153 | D:1      | Reached XP level 3. HP: 29/29 MP: 3/3
  1272 | D:2      | Found a broken altar of Ashenzari.
  1423 | D:2      | Reached skill level 4 in Axes
  1482 | D:2      | Reached ** piety under Trog
  1790 | D:2      | Noticed Jessica
  1805 | D:2      | Killed Jessica
  1806 | D:2      | Reached XP level 4. HP: 19/35 MP: 4/4
  2319 | D:2      | Noticed Natasha
  2327 | D:2      | Killed Natasha
  2328 | D:2      | Reached skill level 5 in Axes
  2592 | D:3      | Reached XP level 5. HP: 34/41 MP: 5/5
  2739 | D:3      | Reached *** piety under Trog
  2923 | D:3      | Noticed Grinder
  2939 | D:3      | Killed Grinder
  2940 | D:3      | Reached skill level 6 in Axes
  2940 | D:3      | Gained mutation: You are partially covered in iridescent
                  | scales. (AC +2) [demonic ancestry]
  2940 | D:3      | Reached XP level 6. HP: 31/47 MP: 6/6
  3316 | D:4      | Reached skill level 7 in Axes
  3686 | D:4      | Found a staircase to the Ecumenical Temple.
  3695 | Temple   | Entered the Ecumenical Temple
  3719 | D:4      | Gained mutation: You are mostly covered in iridescent
                  | scales. (AC +4) [demonic ancestry]
  3719 | D:4      | Reached XP level 7. HP: 52/52 MP: 7/7
  4285 | D:4      | Found a sacrificial altar of Ru.
  4380 | D:4      | Reached skill level 8 in Axes
  4465 | D:4      | Found a runed translucent gate.
  4469 | D:4      | Found a runed translucent gate.
  4469 | D:4      | Found a runed translucent gate.
  4470 | D:4      | Identified the cursed +1 hand axe "Icao" {vorpal, rElec
                  | rC++}
  4470 | D:4      | Identified the +2 ring mail of Mutualism {*Drain rElec
                  | Will+++ Dex+5}
  4471 | D:4      | Noticed grumblor's ghost (novice DDBe)
  4471 | D:4      | Found a roughly hewn altar of Beogh.
  4521 | D:5      | Entered Level 5 of the Dungeon
  4538 | D:5      | Found Caamiakk's General Store.
  4543 | D:5      | Bought a scroll of identify for 30 gold pieces
  4932 | D:5      | Noticed Pikel
  4952 | D:5      | Killed Pikel
  4953 | D:5      | Reached skill level 9 in Axes
  4953 | D:5      | Reached XP level 8. HP: 54/58 MP: 8/8
  5299 | D:5      | Got a smoking quarterstaff
  5590 | D:5      | Reached skill level 10 in Axes
  5757 | D:5      | Noticed Menkaure
  5763 | D:5      | Killed Menkaure
  5955 | D:5      | Found a blossoming altar of Fedhas.
  6509 | D:6      | Reached skill level 11 in Axes
  6509 | D:6      | Gained mutation: You have a pair of horns on your head.
                  | [demonic ancestry]
  6509 | D:6      | Reached XP level 9. HP: 56/63 MP: 9/9
  7258 | D:7      | Found a shadowy altar of Dithmenos.
  7320 | D:7      | Reached **** piety under Trog
  7400 | D:7      | Noticed Maggie
  7400 | D:7      | Noticed Dowan
  7400 | D:7      | Noticed Duvessa
  7401 | D:7      | Noticed a boulder beetle
  7416 | D:7      | Noticed Joseph
  7416 | D:7      | HP: 2/63 [Joseph/sling bullet (3)]
  7459 | D:7      | HP: 2/63 [Maggie/+2 glaive of flaming (5)]
  7464 | D:7      | HP: 3/63 [Maggie/+2 glaive of flaming (2)]
  7466 | D:7      | Slain by Maggie

Illustrated notes

Levels and vault maps discovered:
D:1:      nagdon_arrival_double_spiral, layout_basic, minmay_worlds_worst_comb
D:2:      layout_loops_ring, ashenzari_altar_1, uniq_natasha, uniq_jessica
D:3:      layout_loops_ring, nrook_campfire, uniq_grinder
D:4:      minmay_clustersquares, layout_cave_pools,
          nicolae_ru_sacrificial_ziggurat, minmay_temple_entry_gardened_gates,
          biasface_ghost_orc_armoury
D:5:      layout_loops_ring, serial_shops, shop, chequers_serial_rivers_marsh,
          fedhas_altar_fruit_tree, uniq_pikel, uniq_menkaure
D:6:      layout_basic
D:7:      layout_layer_cave, nicolae_dithmenos_shadow_blocks, enter_bailey_5,
          uniq_joseph, uniq_maggie, uniq_duvessa
Temple:   nicolae_temple_elliptical

Skill      XL: |  1  2  3  4  5  6  7  8 |
---------------+-------------------------+-----
Axes           | 3 4 5 6 7 9 11 | 11.6
Fighting       | |  3.0
Armour         | |  1.7
Dodging        | |  1.7

Action                   |  1- 3 |  4- 6 |  7- 9 || total
-------------------------+-------+-------+-------++-------
Melee: Hand axe          |   115 |   110 |   324 ||   549
       Headbutt          |     6 |    21 |   104 ||   131
Invok: Berserk           |       |     4 |     3 ||     7
       Trog's Hand       |       |     1 |     7 ||     8
  Use: Scroll            |       |       |     8 ||     8
       Potion            |       |       |     2 ||     2
 Stab: Distracted        |       |       |     1 ||     1
Armor: Ring mail         |    16 |       |       ||    16
       Scale mail        |    23 |    59 |   101 ||   183
Dodge: Dodged            |    74 |    94 |   150 ||   318

Table legend: (Time is in decaauts)
 A = Elapsed time spent in this place.
 B = Non-inter-level travel time spent in this place.
 C = Inter-level travel time spent in this place.
 D = Time resting spent in this place.
 E = Time spent auto-exploring this place.
 F = Levels seen in this place.
 G = Mean time per level.
                   A        B        C        D        E       F      G
               +--------+--------+--------+--------+--------+-----+--------+
         Total |   7446 |   7286 |    160 |   2413 |   3271 |   8 |  930.8 |
       Dungeon |   7445 |   7285 |    160 |   2413 |   3271 |   7 | 1063.6 |
        Temple |      1 |      1 |      0 |      0 |      0 |   1 |    1.0 |
               +--------+--------+--------+--------+--------+-----+--------+

Top non-repeatable levels by time:
     D:5: 1779 daAuts
     D:1: 1282 daAuts
     D:4: 1217 daAuts
     D:2: 1176 daAuts
     D:6: 916 daAuts
     D:3: 887 daAuts
     D:7: 185 daAuts
  Temple: 1 daAuts
